 Dungeon Crawl Stone Soup version 0.24-a0-335-g06ca16af6c (webtiles) character file.

Game seed: 2917497665976212720

3864 D1HalberdGnoll the Carver (level 9, -1/81 HPs)
             Began as a Black Draconian Abyssal Knight on May 19, 2019.
             Was a High Priest of Lugonu.
             Slain by a bullfrog (3 damage)
             ... on level 9 of the Dungeon.
             The game lasted 00:12:22 (10724 turns).

D1HalberdGnoll the Carver (DrAK)                   Turns: 10724, Time: 00:12:22

Health: -1/81      AC:  9    Str: 14    XL:     9   Next: 99%
Magic:  14/14      EV: 12    Int: 12    God:    Lugonu [*****.]
Gold:   429        SH: 10    Dex: 15    Spells: 8/8 levels left

rFire    . . .     SeeInvis +   a - +1 falchion
rCold    . . .     Gourm    .   G - +1 shield
rNeg     + . .     Faith    .   (armour unavailable)
rPois    .         Spirit   .   n - +1 hat
rElec    +         Reflect  .   (no cloak)
rCorr    .         Harm     .   (no gloves)
MR       .....                  h - +0 pair of boots
Stlth    +.........             A - amulet of regeneration
HPRegen  0.63/turn              m - ring of see invisible
MPRegen  0.14/turn              z - ring of positive energy

@: about to teleport
A: breathe lightning, unfitting armour, hooves 1, electricity resistance,
cold-blooded, AC +7
a: Breathe Lightning, Depart the Abyss, Bend Space, Banish, Corrupt, Enter the
Abyss, Renounce Religion


You were on level 9 of the Dungeon.
You worshipped Lugonu.
Lugonu was extremely pleased with you.
You were not hungry.

You visited 1 branch of the dungeon, and saw 9 of its levels.
You visited the Abyss 1 time.

You collected 429 gold pieces.

Inventory:

Hand Weapons
 a - a +1 falchion (weapon)
 v - a +1 dagger of venom
Missiles
 d - 3 atropa-tipped darts
 o - 3 curare-tipped darts
 p - 52 poisoned darts (quivered)
 w - 4 datura-tipped darts
 C - 2 boomerangs of dispersal
Armour
 h - a +0 pair of boots (worn)
 n - a +1 hat (worn)
 G - a +1 shield (worn)
Jewellery
 m - a ring of see invisible (left hand)
 z - a ring of positive energy (right hand)
 A - an amulet of regeneration (around neck)
 B - a cursed -2 ring of dexterity {unknown}
 H - a +4 ring of strength {unknown}
Wands
 j - a wand of paralysis (3)
 q - a wand of random effects (15)
 r - a wand of acid (1)
 y - a wand of flame (15)
 D - a wand of iceblast (9)
Scrolls
 c - 2 scrolls of amnesia
 e - a scroll of vulnerability {unknown}
 f - 2 scrolls of fear {unknown}
 g - 8 scrolls of identify
 k - 2 scrolls of teleportation
 l - 2 scrolls of blinking
 s - 2 scrolls of fog
 t - 2 scrolls of enchant armour
 F - a scroll of holy word {unknown}
Potions
 x - a potion of might
Comestibles
 b - 8 rations


   Skills:
 + Level 7.9 Fighting
 * Level 9.3 Long Blades
 - Level 4.4 Dodging
 + Level 4.5 Shields
 + Level 7.2 Invocations


You had 8 spell levels left.
You didn't know any spells.
Your spell library was empty.

Dungeon Overview and Level Annotations

Branches:
Dungeon (9/15)             Temple (0/1) D:5
   Lair: D:8-11         Orc: D:9-12

Altars:
Ashenzari
Fedhas
Gozag
Kikubaaqudgha
Wu Jian
Xom


Innate Abilities, Weirdness & Mutations

You can breathe wild blasts of lightning.
Your glossy black scales are hard. (AC +7)
You cannot fit into any form of body armour.
You are resistant to electric shocks. (rElec)
You are cold-blooded and may be slowed by cold attacks.
You have large cloven feet.


Message History

Your shield prevents you from hitting the bullfrog.
You tail-slap the bullfrog, but do no damage.
The bullfrog is lightly wounded.
You block the bullfrog's attack. The bullfrog hits you.
* * * LOW HITPOINT WARNING * * *
As you read the scroll of teleportation, it crumbles to dust.
You feel strangely unstable. The bullfrog hits you!
* * * LOW HITPOINT WARNING * * *
You closely miss the bullfrog.
The bullfrog is lightly wounded.
The bullfrog hits you.
* * * LOW HITPOINT WARNING * * *
The bullfrog hits you but does no damage.
The bullfrog hits you.
* * * LOW HITPOINT WARNING * * *
The bullfrog completely misses you.
It was a potion of mutation.
You feel extremely strange.
Your feet thicken and deform.
You feel clumsy.
You feel agile. The bullfrog hits you.
You die...

#...........##.........
##..........)###........
#..............##....... [
#............##........ ...
##....###...###........
.^...##..Z..####.###........
..........†..#....#....#....
........###FF##..##...###...
........# #@######....# ##..
......... ### #.....# ###
..#.##..# ##.#..# . ## ....
#....# #.#.. ##.### #....
###


You could see 2 bullfrogs and a quokka zombie.

Vanquished Creatures
  2 hippogriffs
  A wyvern (D:9)
  A hungry ghost (D:9)
  A soldier ant (D:7)
  4 orc warriors
  2 sky beasts
  2 phantoms
  A centaur (D:5)
  5 bullfrogs
  Blork the orc (D:5)
  A scorpion (D:4)
  A water moccasin skeleton (D:9)
  A wyvern skeleton (D:6)
  4 killer bees (D:6)
  2 howler monkeys
  3 crimson imps
  A bullfrog zombie (D:5)
  3 hounds
  3 jellies
  6 orc priests
  2 centaur skeletons
  14 orc wizards
  2 bullfrog skeletons
  An iguana (D:6)
  2 worker ants
  4 hound skeletons
  A worker ant zombie (D:7)
  7 gnolls
  A howler monkey skeleton (D:7)
  12 adders
  4 shadow imps
  An ooze (D:1)
  An adder skeleton (D:4)
  2 adder zombies
  A worm (D:2)
  3 dart slugs
  5 leopard geckos
  32 orcs
  5 giant cockroaches
  15 goblins
  10 hobgoblins
  11 jackals
  7 kobolds
  7 quokkas
  2 ball pythons
  8 bats
  2 frilled lizards (D:2)
  14 rats
221 creatures vanquished.

Vanquished Creatures (others)
  4 toadstools (D:1)
4 creatures vanquished.

Grand Total: 225 creatures vanquished

Notes
Turn   | Place    | Note
-------+----------+-------------------------------------------
     0 | Abyss:1  | D1HalberdGnoll the Draconian Abyssal Knight began the quest
                  | for the Orb.
     0 | Abyss:1  | Reached XP level 1. HP: 19/19 MP: 2/2
    47 | Abyss:1  | Noticed a thrashing horror
    47 | Abyss:1  | Noticed a small abomination
    48 | D:1      | Escaped the Abyss
   166 | D:1      | Reached XP level 2. HP: 18/26 MP: 3/3
   205 | D:1      | Reached * piety under Lugonu
   513 | D:2      | Reached XP level 3. HP: 31/31 MP: 4/4
  1098 | D:2      | Reached skill level 3 in Long Blades
  1108 | D:2      | Reached ** piety under Lugonu
  1161 | D:2      | Reached XP level 4. HP: 27/40 MP: 6/6
  1709 | D:3      | Found an ornate altar of the Wu Jian Council.
  1994 | D:3      | Found a faded altar of an unknown god.
  2017 | D:3      | Reached XP level 5. HP: 46/46 MP: 7/7
  2400 | D:3      | Found a shattered altar of Ashenzari.
  2408 | D:3      | Reached *** piety under Lugonu
  2558 | D:4      | Reached skill level 4 in Long Blades
  2585 | D:4      | Reached XP level 6. HP: 46/53 MP: 8/8
  4067 | D:4      | Reached skill level 5 in Long Blades
  4067 | D:4      | Your scales start taking on a glossy black colour.
  4067 | D:4      | Reached XP level 7. HP: 45/60 MP: 10/10
  4067 | D:4      | Gained mutation: You are resistant to electric shocks.
                  | (rElec) [Black Draconian growth]
  4070 | D:4      | Reached skill level 5 in Fighting
  4563 | D:5      | Entered Level 5 of the Dungeon
  4580 | D:5      | Noticed Blork the orc
  4613 | D:5      | Killed Blork the orc
  4748 | D:5      | Reached skill level 6 in Long Blades
  4777 | D:5      | Reached XP level 8. HP: 28/69 MP: 11/11
  5798 | D:5      | Found a staircase to the Ecumenical Temple.
  6002 | D:6      | Reached skill level 5 in Invocations
  6443 | D:6      | Reached skill level 1 in Shields
  6512 | D:6      | Found an opulent altar of Gozag.
  6518 | D:6      | Found a blossoming altar of Fedhas.
  7245 | D:6      | Reached skill level 7 in Long Blades
  7591 | D:7      | Found a shimmering altar of Xom.
  7591 | D:7      | Found an ancient bone altar of Kikubaaqudgha.
  7602 | D:6      | Reached **** piety under Lugonu
  7879 | D:7      | Noticed a hippogriff
  7905 | D:7      | Killed a hippogriff
  8165 | D:6      | Reached XP level 9. HP: 27/78 MP: 13/13
  8731 | D:7      | Reached skill level 8 in Long Blades
 10013 | D:8      | Reached ***** piety under Lugonu
 10649 | D:9      | Reached skill level 9 in Long Blades
 10723 | D:9      | HP: 1/81 [bullfrog (6)]
 10724 | D:9      | Gained mutation: You have large cloven feet. [potion of
                  | mutation]
 10724 | D:9      | Gained mutation: You are clumsy. (Dex -2) [potion of
                  | mutation]
 10724 | D:9      | Lost mutation: You are clumsy. (Dex -2) [potion of
                  | mutation]
 10724 | D:9      | Slain by a bullfrog

Levels and vault maps discovered:
D:1:      ldierk_water_garden, layout_rooms, fountainhead
D:2:      minmay_razor_zed, layout_loops_cross
D:3:      layout_basic, old_standard_altar, lemuel_doored_altar,
          chequers_ecumenical_altar_island
D:4:      layout_basic
D:5:      layout_loops_cross, temple_green, first_ration, uniq_blork_the_orc
D:6:      layout_basic, minitemple, solitary_fountain, minmay_misc_feat_roman
D:7:      layout_loops_ring, chequers_temple_overflow_statue_of_worship
D:8:      layout_basic
D:9:      minmay_polygon_palace, layout_cave_pools,
          lemuel_zombie_altar_yredelemnul, uniq_pikel

Skill      XL: |  1  2  3  4  5  6  7  8  9 |
---------------+----------------------------+-----
Long Blades    | 3 4 5 6 7 9 |  9.3
Fighting       | 4 5 6 7 |  7.9
Invocations    | 3 4 6 7 |  7.2
Dodging        | 3 4 |  4.4
Shields        | 2 4 |  4.5

Action                   |  1- 3 |  4- 6 |  7- 9 || total
-------------------------+-------+-------+-------++-------
Melee: Falchion          |   130 |    64 |    77 ||   271
       Tailslap          |    12 |    18 |    89 ||   119
       Dagger            |       |   137 |   527 ||   664
Throw: Dart              |       |    13 |    18 ||    31
Invok: Depart the Abyss  |     1 |       |       ||     1
 Abil: Breathe Lightning |       |       |    14 ||    14
Evoke: Wand              |       |     2 |     9 ||    11
  Use: Potion            |       |     3 |     8 ||    11
       Scroll            |       |       |    15 ||    15
 Stab: Sleeping          |       |     2 |     1 ||     3
       Distracted        |       |       |     1 ||     1
       Paralysed         |       |       |     5 ||     5
  Eat: Chunk             |     1 |     9 |    13 ||    23
       Ration            |       |       |     5 ||     5
Armor: Skin              |    52 |    52 |   158 ||   262
Dodge: Dodged            |    97 |   152 |   264 ||   513
Block: Shield            |       |       |   203 ||   203
       Rpst.: Falchion   |    32 |    13 |     6 ||    51

Table legend:
 A = Non-vault XP
 B = Vault XP
 C = Vault XP percentage of total XP
 D = Non-vault monster count
 E = Vault monster count
 F = Vault count percentage of total count
                 A         B        C        D         E       F
            +---------+---------+-------+---------+---------+-------
      Total |    5222 |     298 |   5.4 |     209 |      12 |   5.4
            +---------+---------+-------+---------+---------+-------
        D:1 |      38 |       0 |   0.0 |      17 |       0 |   0.0
        D:2 |      67 |      29 |  30.2 |      33 |       9 |  21.4
        D:3 |     242 |       0 |   0.0 |      34 |       0 |   0.0
        D:4 |     474 |       0 |   0.0 |      21 |       0 |   0.0
        D:5 |     640 |      82 |  11.4 |      25 |       1 |   3.8
        D:6 |     930 |       0 |   0.0 |      23 |       0 |   0.0
        D:7 |    1313 |       0 |   0.0 |      35 |       0 |   0.0
        D:8 |     627 |       0 |   0.0 |      15 |       0 |   0.0
        D:9 |     891 |     187 |  17.3 |       6 |       2 |  25.0
            +---------+---------+-------+---------+---------+-------
